 Dungeon Crawl Stone Soup version 0.31.0-32-g396128a36d (webtiles) character file.

Game seed: 13099440421560888771

99729 PaiMei the Lord of Darkness (level 15, -7/118 HPs)
             Began as a Demonspawn Necromancer on Apr 1, 2024.
             Was the Champion of Kikubaaqudgha.
             Killed from afar by an air elemental (19 damage)
             ... with a stunning burst
             ... on level 1 of the Elven Halls.
             The game lasted 01:05:52 (40638 turns).

PaiMei the Lord of Darkness (DsNe)                 Turns: 40638, Time: 01:05:52

Health: -7/118     AC: 16    Str: 10    XL:     15   Next: 78%
Magic:  28/32      EV: 22    Int: 25    God:    Kikubaaqudgha [******]
Gold:   2146       SH: 15    Dex: 15    Spells: 15/41 levels left

rFire   + + .        s - +6 scimitar "Kesaexurph" {freeze, rF+ rN+}
rCold   + . .        i - +0 kite shield
rNeg    + . .        G - +1 ring mail {rF+}
rPois   .            (helmet restricted)
rElec   .            v - +0 cloak of Lostros {Int+3 Dex+2}
rCorr   .            P - +2 pair of gloves
SInv    .            k - +0 pair of boots
Will    +....        Q - amulet of reflection
Stlth   +            S - ring of protection from cold
HPRegen 0.39/turn    y - +5 ring of evasion
MPRegen 0.23/turn

%: reflection
@: mighty, agile, lethally poisoned (-7 -> -36), slowed, very slow
A: horns 2, slimy green scales 2, powered by pain 2, demonic magic 1
a: Renounce Religion, Unearth Wretches, Torment, Brand Weapon With Pain, Receive
Forbidden Knowledge


You were on level 1 of the Elven Halls.
You worshipped Kikubaaqudgha.
Kikubaaqudgha was exalted by your worship.
You visited 5 branches of the dungeon, and saw 24 of its levels.

You collected 2742 gold pieces.
You spent 596 gold pieces at shops.

Inventory:

Hand Weapons
 s - the +6 scimitar "Kesaexurph" (weapon) {freeze, rF+ rN+}
   (You took it off a hobgoblin on level 4 of the Dungeon)

   rF+:       It protects you from fire.
   rN+:       It protects you from negative energy.
 T - a +2 whip of pain
 Y - the +8 quarterstaff "Riratat" {venom, rElec Str+2 Dex+4}
   (You found it on level 11 of the Dungeon)

   Str+2:     It affects your strength (+2).
   Dex+4:     It affects your dexterity (+4).
   rElec:     It insulates you from electricity.
Missiles
 B - 14 poisoned darts (quivered)
 L - 5 silver javelins
 N - 5 curare-tipped darts
Armour
 i - a +0 kite shield (worn)
 k - a +0 pair of boots (worn)
 v - the +0 cloak of Lostros (worn) {Int+3 Dex+2}
   (You found it on level 4 of the Lair of Beasts)

   Int+3:     It affects your intelligence (+3).
   Dex+2:     It affects your dexterity (+2).
 G - a +1 ring mail of fire resistance (worn)
 P - a +2 pair of gloves (worn)
 U - an orb of energy
 V - a +0 troll leather armour
Jewellery
 c - a ring of protection from fire
 n - a ring of positive energy
 w - a ring of willpower
 y - a +5 ring of evasion (right hand)
 J - a +6 ring of dexterity
 Q - an amulet of reflection (around neck)
 S - a ring of protection from cold (left hand)
Wands
 f - a wand of charming (18)
 q - a wand of flame (15)
 t - a wand of mindburst (38)
 F - a wand of iceblast (18)
 K - a wand of polymorph (16)
Scrolls
 a - 3 scrolls of enchant armour
 d - 3 scrolls of vulnerability
 e - 9 scrolls of teleportation
 h - 3 scrolls of silence
 o - 3 scrolls of fear
 p - 4 scrolls of fog
 u - a scroll of blinking {unknown}
 x - a scroll of acquirement {unknown}
 E - a scroll of torment {unknown}
 H - 2 scrolls of amnesia
 I - 2 scrolls of enchant weapon {unknown}
 M - 2 scrolls of revelation {unknown}
 R - a scroll of poison {unknown}
 W - 4 scrolls of summoning
 Z - a scroll of immolation {unknown}
Potions
 b - 2 potions of magic
 j - a potion of haste
 l - 4 potions of enlightenment
 m - 6 potions of curing
 r - a potion of ambrosia
 z - 3 potions of might
 A - 3 potions of berserk rage
 C - 2 potions of attraction
 D - 6 potions of brilliance
 O - a potion of cancellation


   Skills:
 - Level 11.0 Fighting
 - Level 8.1 Long Blades
 - Level 7.0 Armour
 - Level 10.0 Dodging
 - Level 2.2 Stealth
 + Level 6.2 Shields
 + Level 13.6 Spellcasting
 - Level 16.0 Necromancy
 + Level 3.7 Earth Magic


You had 15 spell levels left.
You knew the following spells:

 Your Spells              Type           Power      Damage    Failure   Level
a - Necrotise             Necr           100%       1d9       1%          1
b - Vampiric Draining     Necr           77%        2d11      1%          3
c - Animate Dead          Necr           77%        N/A       1%          4
d - Curse of Agony        Necr           77%        N/A       1%          5
e - Dispel Undead         Necr           77%        3d25      1%          4
f - Borgnjor's Vile Clut  Necr/Erth      30%        N/A       14%         5
g - Anguish               Hex/Necr       27%        N/A       11%         4

Your spell library contained the following spells:

 Spells                   Type           Power      Damage    Failure   Level
 Kiss of Death            Conj/Necr      100%       2d13      1%          1
 Fugue of the Fallen      Necr           77%        N/A       1%          3
 Cigotuvi's Dreadful Rot  Necr/Alch/Air  86%        N/A       4%          2
 Death Channel            Necr           38%        N/A       6%          6
 Martyr's Knell           Necr/Summ      54%        N/A       11%         4
 Apportation              Tloc           34%        N/A       30%         1
 Stone Arrow              Conj/Erth      52%        3d10      38%         3
 Ensorcelled Hibernation  Hex/Ice        34%        N/A       41%         2
 Jinxbite                 Hex            34%        N/A       41%         2
 Lesser Beckoning         Tloc           34%        N/A       41%         2
 Call Canine Familiar     Summ           17%        N/A       65%         3
 Gell's Gravitas          Tloc           17%        N/A       65%         3
 Hailstorm                Conj/Ice       17%        3d6       65%         3
 Ozocubu's Armour         Ice            17%        N/A       65%         3
 Sigil of Binding         Hex            17%        N/A       65%         3
 Summon Ice Beast         Ice/Summ       17%        N/A       65%         3
 Teleport Other           Tloc           17%        N/A       65%         3
 Tukima's Dance           Hex            17%        N/A       65%         3
 Animate Armour           Summ/Erth      52%        N/A       80%         4
 Dimensional Bullseye     Hex/Tloc       8%         N/A       96%         4
 Passage of Golubria      Tloc           17%        N/A       96%         4
 Alistair's Intoxication  Alch           11%        N/A       100%        5
 Metabolic Englaciation   Hex/Ice        8%         N/A       100%        5
 Yara's Violent Unravell  Hex/Alch       8%         3d5       100%        5
 Eringya's Noxious Bog    Alch           8%         4d6       100%        6
 Sculpt Simulacrum        Ice/Alch       8%         N/A       100%        6
 Ozocubu's Refrigeration  Ice            8%         4d9       100%        7
 Lehudib's Crystal Spear  Conj/Erth      13%        10d4      100%        8
 Maxwell's Capacitive Co  Air            8%         āˆž       100%        8
 Polar Vortex             Ice            8%         12d1*     100%        9


Dungeon Overview and Level Annotations

Branches:
Dungeon (15/15)            Temple (1/1) D:6            Lair (5/5) D:9
  Swamp (0/4) Lair:2       Spider (0/4) Lair:2        Slime (0/5) Lair:5
    Orc (2/2) D:11            Elf (1/3) Orc:2        Vaults (0/5) D:13
 Depths (0/4) D:15

Altars:
Ashenzari
Cheibriados
Dithmenos
Fedhas
Gozag
Hepliaklqana
Kikubaaqudgha
Makhleb
Nemelex Xobeh
Okawaru
Qazlal
Ru
Sif Muna
Trog
Uskayaw
Vehumet
Wu Jian
Xom
Yredelemnul
Jiyva

Shops:
D:5 *   Orc:2 [:*(

Annotations:
D:3 3 runed translucent doors, mainiacjoe's ghost, amateur OpFE
D:10 3 runed translucent doors, dchavez06's ghost, journeyman KoBe
Orc:1 2 transporters, kftrendy's ghost, journeyman VSBe


Innate Abilities, Weirdness & Mutations

You have a pair of horns on your head.
You are mostly covered in slimy green scales. (AC +3)
You sometimes gain power by taking damage.
Spells you cast may paralyse adjacent enemies.


Message History

The air elemental fires a burst of electricity at you.
The stunning burst hits you!
* * * LOW HITPOINT WARNING * * *
You focus on the pain.
You feel very mighty all of a sudden.
The +2 glaive of venom hits you but does no damage.
You are more poisoned.
The air elemental fires a burst of electricity at you.
The stunning burst hits you but does no damage.
You can move again.
Press: ? - help, v - describe, . - travel
Here: an air elemental The floor, spattered with blood.
Unknown command.
Unknown command.
Unknown command.
Okay, then.
Press: ? - help, v - describe, . - travel
Here: an air elemental The floor, spattered with blood.
Unknown command.
Okay, then.
Unknown command.
Unknown command.
Unknown command.
You feel much better.
The zombie hands constrict the +2 glaive of venom!
* * * LOW HITPOINT WARNING * * *
You focus on the pain.
You feel agile all of a sudden.
You feel extremely sick. You block the air elemental's attack.
The air elemental fires a burst of electricity at you.
The stunning burst hits you!
You shrug off the repeated paralysis!
* * * LOW HITPOINT WARNING * * *
The +2 glaive of venom closely misses you.
The air elemental fires a burst of electricity at you.
The stunning burst hits you!!
You shrug off the repeated paralysis!
You die...
Kikubaaqudgha rasps: "You have failed me!
Welcome... death!"

...#.....#.....# #.# #.#.##.#
...#.....#.....# #.# #...##.#
..###...###...######.# #.#..... ###
##### ####....##.#####...##.#
..###... ##...###.#........#.##.#
...#..$..#.....#...##.###.##.##..
...#.!!$.'eā—‹)..#..####.#.###.####
...# #.eā—‹ā—‹.#..#####.####.###
..## ##)E.##@....#####.....## ###
##### ####(E........##.......
..###...###...##......#.#.......#
...#.....#.....#..###...........#
...#.....#.....#..# ###.#.......#
...#....)#.....#..# #.##.....##
..#.#...#.#...##..#####.##.....##
###.#####.######).......####.####
.##.........# #.######## #.# #


You could see an air elemental and a +2 glaive of venom (clutched).

Vanquished Creatures
  Agnes (D:15)
  An orc warlord (Orc:2)
  2 deep elf death magi (Elf:1)
  The ghost of Liamsmithers the Warrior, a journeyman MiBe of Trog (D:11)
  The ghost of PaiMei the Dealer of Despair, a journeyman DsNe of Kikubaaqudgha (Lair:1)
  2 ice dragons (D:15)
  A vault guard (D:13)
  2 hydras (Lair:5)
  8 centaur warriors
  5 dancing weapons
  A boulder beetle (D:15)
  4 tengu warriors (D:13)
  3 two-headed ogres
  An orc high priest (Orc:2)
  3 deep elf knights (Elf:1)
  21 skeletal warriors
  An arcanist (D:13)
  2 deep elf archers (Elf:1)
  4 harpies (D:13)
  7 orc knights
  9 deep elf pyromancers
  An orc sorcerer (Orc:2)
  3 deep elf zephyrmancers (Elf:1)
  7 cyclopes
  A manticore (D:14)
  13 ugly things
  An elephant (Lair:4)
  A black mamba (Lair:2)
  A wolf spider (D:15)
  2 kobold blastminers
  A meliai (Lair:2)
  14 cane toads
  3 large abominations (Elf:1)
  An unseen horror (D:12)
  A kobold demonologist (D:12)
  2 komodo dragons
  A rime drake (Lair:1)
  2 freezing wraiths
  5 trolls
  Prince Ribbit (D:6)
  7 polar bears
  8 hornets
  7 blink frogs
  5 dream sheep
  4 air elementals (Elf:1)
  A centaur simulacrum (D:15)
  7 slime creatures
  3 wyverns
  3 wraiths
  A water elemental (Elf:1)
  12 spriggans (Lair:5)
  4 basilisks
  8 yaks
  4 wargs
  A steam dragon (D:10)
  10 vampire mosquitoes
  14 water moccasins
  6 black bears
  28 orc warriors
  2 laughing skulls (D:14)
  2 ice beasts (D:6)
  7 ogres
  22 wolves
  12 boggarts
  10 centaurs
  5 elf zombies (Elf:1)
  11 bullfrogs
  3 kobold brigands
  A gnoll sergeant (D:9)
  4 scorpions
  8 wights
  9 killer bees
  2 howler monkeys
  An electric eel (D:14)
  A bombardier beetle (D:4)
  6 hounds
  4 crimson imps
  9 jellies
  A gnoll bouda (D:8)
  10 orc priests
  16 orc wizards
  5 iguanas
  2 sleepcaps
  Ijyb (D:3)
  8 gnolls
  7 adders
  A shadow imp (D:5)
  A white imp (D:7)
  4 ufetubi
  7 ribbon worms
  A dart slug (D:4)
  58 orcs
  5 ball pythons
  7 endoplasms
  4 giant cockroaches
  6 goblins
  11 hobgoblins
  3 jackals (D:2)
  18 kobolds
  5 quokkas
  7 bats
  2 frilled lizards
  8 rats
  A spectral hobgoblin (D:1)
592 creatures vanquished.

Vanquished Creatures (collateral kills)
  A hydra (Lair:5)
  An orc high priest (Orc:2)
  Sonja (Lair:2)
  2 orc knights (Orc:2)
  An orc sorcerer (Orc:1)
  2 black mambas
  2 elephants (Lair:4)
  3 cane toads
  2 komodo dragons
  A polar bear (Lair:4)
  5 dream sheep (Lair:3)
  2 spriggans (Lair:5)
  2 wyverns
  A warg (Orc:2)
  A basilisk (Lair:3)
  7 yaks
  7 water moccasins
  6 orc warriors
  2 wolves (Lair:2)
  2 bullfrogs
  3 electric eels (Lair:2)
  4 jellies (Lair:5)
  5 orcs
  A bat (D:1)
  An endoplasm (D:1)
65 creatures vanquished.

Vanquished Creatures (others)
  5 cane toad zombies
  A cyclops zombie (D:12)
  A warg zombie (Orc:2)
  A boggart zombie (D:14)
  13 orc zombies
21 creatures vanquished.

Grand Total: 678 creatures vanquished

Notes
Turn   | Place    | Note
-------+----------+-------------------------------------------
     0 | D:1      | PaiMei the Demonspawn Necromancer began the quest for the
                  | Orb.
     0 | D:1      | Reached XP level 1. HP: 13/13 MP: 3/3
   258 | D:1      | Gained mutation: Spells you cast may paralyse adjacent
                  | enemies. [demonic ancestry]
   258 | D:1      | Reached XP level 2. HP: 19/19 MP: 0/5
   858 | D:1      | Found a faded altar of an unknown god.
   951 | D:1      | Gained mutation: You have a pair of small horns on your
                  | head. [demonic ancestry]
   951 | D:1      | Reached XP level 3. HP: 22/23 MP: 4/6
  1000 | D:1      | Learned a level 3 spell: Vampiric Draining
  1420 | D:2      | Reached skill level 1 in Fighting
  1420 | D:2      | Reached XP level 4. HP: 28/32 MP: 2/8
  1722 | D:2      | Reached skill level 5 in Necromancy
  2810 | D:3      | You fall into a shaft and drop 1 floor!
  2842 | D:4      | Reached XP level 5. HP: 38/38 MP: 5/9
  3311 | D:4      | Reached XP level 6. HP: 44/44 MP: 0/11
  3508 | D:4      | Identified the +6 scimitar "Kesaexurph" {freeze, rF+ rN+}
  4009 | D:3      | Noticed Ijyb
  4016 | D:3      | Killed Ijyb
  4192 | D:3      | Found a runed translucent gate.
  4193 | D:3      | Found a runed translucent gate.
  4194 | D:3      | Found a runed translucent gate.
  4197 | D:3      | Noticed mainiacjoe's ghost (amateur OpFE)
  4197 | D:3      | Identified the +6 dagger of the Enemy {drain, rElec Str+3}
  4638 | D:3      | Learned a level 4 spell: Animate Dead
  4900 | D:5      | Entered Level 5 of the Dungeon
  5019 | D:5      | Gained mutation: You have a pair of horns on your head.
                  | [demonic ancestry]
  5019 | D:5      | Reached XP level 7. HP: 52/52 MP: 7/12
  5162 | D:5      | Found Jiokave's Assorted Antiques.
  5183 | D:5      | Reached skill level 6 in Necromancy
  5337 | D:5      | Found a shimmering altar of Xom.
  5620 | D:5      | Found a snail-covered altar of Cheibriados.
  6068 | D:6      | Noticed Prince Ribbit
  6079 | D:6      | Killed Prince Ribbit
  6080 | D:6      | Reached XP level 8. HP: 52/60 MP: 10/15
  6143 | D:6      | Found a staircase to the Ecumenical Temple.
  6150 | Temple   | Entered the Ecumenical Temple
  6165 | Temple   | Became a worshipper of Kikubaaqudgha
  6300 | D:6      | Reached skill level 7 in Necromancy
  6375 | D:6      | Reached skill level 5 in Dodging
  6375 | D:6      | Reached skill level 5 in Spellcasting
  6691 | D:6      | Reached skill level 5 in Fighting
  7974 | D:7      | Gained mutation: You are partially covered in slimy green
                  | scales. (AC +2) [demonic ancestry]
  7974 | D:7      | Reached XP level 9. HP: 64/68 MP: 12/17
  8119 | D:7      | Found a burning altar of Makhleb.
  8550 | D:7      | Reached skill level 8 in Necromancy
  9222 | D:8      | Reached * piety under Kikubaaqudgha
  9222 | D:8      | Received a gift from Kikubaaqudgha
 10037 | D:8      | Reached skill level 9 in Necromancy
 10195 | D:8      | Reached XP level 10. HP: 71/77 MP: 2/20
 10486 | D:9      | Noticed a two-headed ogre
 10556 | D:9      | Found a stormy altar of Qazlal.
 10556 | D:9      | Found an opulent altar of Gozag.
 10673 | D:9      | Found a sacrificial altar of Ru.
 10675 | D:9      | Found a shimmering blue altar of Sif Muna.
 10698 | D:9      | Noticed a cyclops
 10947 | D:9      | Killed a cyclops
 10948 | D:9      | Reached ** piety under Kikubaaqudgha
 11083 | D:8      | Learned a level 5 spell: Curse of Agony
 11377 | D:9      | Found a staircase to the Lair.
 12277 | D:10     | Entered Level 10 of the Dungeon
 12291 | D:10     | Noticed a two-headed ogre
 12300 | D:10     | Killed a two-headed ogre
 12588 | D:10     | Noticed a two-headed ogre
 12593 | D:10     | Killed a two-headed ogre
 12594 | D:10     | Reached skill level 10 in Necromancy
 12795 | D:10     | Found a runed translucent gate.
 12795 | D:10     | Found a runed translucent gate.
 12796 | D:10     | Found a runed translucent gate.
 12796 | D:10     | Found an opulent altar of Gozag.
 12799 | D:10     | Noticed a deep elf archer
 12801 | D:10     | Noticed a two-headed ogre
 12802 | D:10     | Noticed dchavez06's ghost (journeyman KoBe)
 13355 | Lair:1   | Entered Level 1 of the Lair of Beasts
 13406 | Lair:1   | Noticed a cane toad
 13413 | Lair:1   | Killed a cane toad
 13424 | Lair:1   | Gained mutation: You sometimes gain a little power by
                  | taking damage. [demonic ancestry]
 13424 | Lair:1   | Reached XP level 11. HP: 86/86 MP: 14/23
 13752 | Lair:1   | Found a runed translucent door.
 14070 | Lair:1   | Identified the +1 robe "Sefopp" {Int+4}
 14378 | Lair:1   | Noticed PaiMei's ghost (journeyman DsNe)
 14679 | Lair:2   | Found a hole to the Spider Nest.
 14913 | Lair:2   | Found a staircase to the Swamp.
 14922 | Lair:2   | Reached skill level 11 in Necromancy
 15174 | Lair:2   | Reached *** piety under Kikubaaqudgha
 15174 | Lair:2   | Received a gift from Kikubaaqudgha
 15526 | Lair:2   | Noticed Sonja
 15531 | Lair:2   | Killed Sonja
 16199 | Lair:3   | Gained mutation: You sometimes gain power by taking damage.
                  | [demonic ancestry]
 16199 | Lair:3   | Reached XP level 12. HP: 97/97 MP: 10/25
 16478 | Lair:3   | Reached skill level 10 in Fighting
 16731 | Lair:3   | Reached skill level 12 in Necromancy
 17124 | Lair:3   | Reached **** piety under Kikubaaqudgha
 17631 | Lair:4   | Identified the +1 morningstar of Sunlight {antimagic, rPois
                  | Int+2}
 17856 | Lair:4   | Identified the +0 cloak of Lostros {Int+3 Dex+2}
 17920 | Lair:4   | Reached skill level 10 in Dodging
 17920 | Lair:4   | Reached skill level 10 in Spellcasting
 18185 | Lair:4   | Reached skill level 1 in Armour
 19025 | Lair:5   | Entered Level 5 of the Lair of Beasts
 19319 | Lair:5   | Noticed a five-headed hydra
 19528 | Lair:4   | Learned a level 4 spell: Dispel Undead
 19533 | Lair:4   | Learned a level 4 spell: Anguish
 19570 | Lair:5   | Noticed an eight-headed hydra
 19919 | Lair:5   | Killed a seven-headed hydra
 19925 | Lair:5   | Gained mutation: You are mostly covered in slimy green
                  | scales. (AC +3) [demonic ancestry]
 19925 | Lair:5   | Reached XP level 13. HP: 106/106 MP: 19/27
 20010 | Lair:5   | Reached skill level 1 in Long Blades
 20128 | Lair:5   | Reached skill level 13 in Necromancy
 20256 | Lair:5   | Found a viscous altar of Jiyva.
 20257 | Lair:5   | Found a staircase to the Slime Pits.
 21439 | Lair:5   | Reached ***** piety under Kikubaaqudgha
 22295 | Lair:1   | Killed PaiMei's ghost
 22564 | D:11     | Found a staircase to the Orcish Mines.
 22741 | D:11     | Got the Directory of Grisly Ozone
 22928 | D:11     | Identified the +8 quarterstaff "Riratat" {venom, rElec
                  | Str+2 Dex+4}
 23085 | D:11     | Found a runed translucent door.
 23086 | D:11     | Noticed Liamsmithers's ghost (journeyman MiBe)
 23324 | D:11     | Killed Liamsmithers's ghost
 23586 | D:12     | Reached skill level 5 in Armour
 25567 | D:13     | Reached skill level 14 in Necromancy
 26336 | D:13     | Reached skill level 5 in Long Blades
 26423 | D:13     | Reached XP level 14. HP: 113/113 MP: 13/29
 26547 | D:13     | Found a gate to the Vaults.
 29322 | D:14     | Reached skill level 1 in Shields
 29822 | D:14     | Found an ornate altar of the Wu Jian Council.
 31054 | D:14     | Reached skill level 15 in Necromancy
 32869 | D:15     | Entered Level 15 of the Dungeon
 32914 | D:15     | Noticed Agnes
 32938 | D:15     | Killed Agnes
 33817 | D:15     | Reached XP level 15. HP: 94/118 MP: 22/31
 34037 | D:15     | Found a stormy altar of Qazlal.
 34748 | D:15     | Found a staircase to the Depths.
 34966 | Orc:1    | Entered Level 1 of the Orcish Mines
 35296 | Orc:1    | Found a bloodstained altar of Trog.
 35310 | Orc:1    | Noticed kftrendy's ghost (journeyman VSBe)
 35321 | Orc:1    | Found a transporter.
 35436 | Orc:1    | Found a transporter.
 35842 | Orc:2    | Entered Level 2 of the Orcish Mines
 36543 | Orc:2    | Found a staircase to the Elven Halls.
 36626 | Orc:2    | Found Cava's Book Shoppe.
 36711 | Orc:2    | Bought Great Wizards, Vol. II for 532 gold pieces
 36717 | Orc:2    | Learned a level 5 spell: Borgnjor's Vile Clutch
 36867 | Orc:2    | Found Yhenar's General Store.
 36911 | Orc:2    | Found Tebror's Antique Armour Shop.
 36955 | Orc:2    | Reached ****** piety under Kikubaaqudgha
 37278 | Orc:2    | Found Beacol's Antique Weapon Shoppe.
 37302 | Orc:2    | Reached skill level 1 in Earth Magic
 37619 | Orc:2    | Reached skill level 5 in Shields
 38077 | Orc:2    | Bought a scroll of identify for 32 gold pieces
 38077 | Orc:2    | Bought a scroll of identify for 32 gold pieces
 38224 | Elf:1    | Entered Level 1 of the Elven Halls
 38440 | Elf:1    | Reached skill level 16 in Necromancy
 38674 | Elf:1    | Paralysed by an air elemental for 1 turns
 39934 | Elf:1    | Paralysed by an air elemental for 1 turns
 39944 | Elf:1    | Paralysed by an air elemental for 1 turns
 39948 | Elf:1    | Paralysed by an air elemental for 1 turns
 40629 | Elf:1    | Paralysed by an air elemental for 1 turns
 40631 | Elf:1    | Paralysed by an air elemental for 1 turns
 40637 | Elf:1    | Paralysed by an air elemental for 1 turns
 40637 | Elf:1    | HP: 5/118 [air elemental/stunning burst (11)]
 40638 | Elf:1    | Killed from afar by an air elemental

Illustrated notes

Levels and vault maps discovered:
D:1:      minmay_arrival_widening_spiral_wide, layout_loops_ring,
          dreamdust_ecumenical_altar_drowned_temple, grunt_decor_resistance
D:2:      layout_basic, minivault_24
D:3:      layout_basic, biasface_ghost_orc_armoury, uniq_ijyb
D:4:      layout_loops_ring
D:5:      layout_rooms, lemuel_crystal_altar, led_xom_imps, serial_shops,
          shop_statue
D:6:      layout_basic, minmay_temple_entry_sparse_star,
          corexii_item_surrounded_by_moat, uniq_prince_ribbit1
D:7:      layout_basic, makhleb_heckhound_becter
D:8:      layout_rooms
D:9:      layout_basic, nicolae_overflow_hallway_of_the_gods,
          erik_lair_orcish_takeover, chequers_avenue
D:10:     layout_long_grid, ebering_ghost_gozag
D:11:     layout_loops_corners, orc_0_dummy, ebering_ghost_reflecting_pool
D:12:     layout_stronghold, kennysheep_generic_room_9
D:13:     layout_loops_ring, erik_vaults_1, serial_glass, glass_columns_a,
          glass_columns_a, hangedman_aviary
D:14:     layout_irregular_city, nzn_wu_jian_council_hall, st_stairs_1,
          kennysheep_generic_room_4
D:15:     grunt_enter_depths_hoard, layout_loops_ring,
          nicolae_qazlal_eye_of_the_storm, hex_large, uniq_agnes
Temple:   hellmonk_temple_forest_ring
Lair:1:   wander_river, layout_regular_city, ebering_ghost_reflecting_pool,
          infiniplex_staircase_pool_2
Lair:2:   layout_roguey, minmay_swamp_entry_eels,
          hellmonk_spider_entry_not_the_bees, uniq_sonja
Lair:3:   layout_cave_pods, serial_bayou_shore_b
Lair:4:   layout_gridlike
Lair:5:   minmay_lair_end_enchanted_forest, layout_cellular_growth,
          minmay_slime_entry_jelly_boxes
Orc:1:    layout_caves, gammafunk_ghost_berserking_beasts, basic_altar
Orc:2:    grunt_orc_gardens, layout_caves, grunt_orc_garden, grunt_orc_garden,
          grunt_orc_garden, grunt_orc_garden
Elf:1:    kennysheep_room_grid, layout_loops_corners, minmay_elf_necromancy

Skill      XL: |  1  2  3  4  5  6  7  8  9 10 11 12 13 14 15 |
---------------+----------------------------------------------+-----
Stealth        | 2 |  2.2
Dodging        | 2 3 4 5 6 8 9 10 | 10.0
Fighting       | 1 2 3 4 5 6 8 9 11 | 11.0
Necromancy     | 5 6 7 9 10 11 12 14 15 16 | 16.0
Spellcasting   | 3 4 5 6 8 9 10 11 12 13 | 13.6
Armour         | 3 5 7 |  7.0
Long Blades    | 5 7 8 |  8.1
Shields        | 3 6 |  6.2
Earth Magic    | 3 |  3.7

Action                     |  1- 3 |  4- 6 |  7- 9 | 10-12 | 13-15 || total
---------------------------+-------+-------+-------+-------+-------++-------
  Melee: Unarmed           |     3 |       |       |       |       ||     3
         Dagger            |    15 |    11 |       |       |       ||    26
         Punch             |     1 |       |     4 |     1 |     7 ||    13
         Headbutt          |       |     5 |    23 |    38 |   153 ||   219
         Scimitar          |       |    10 |   118 |   184 |   606 ||   918
  Throw: Dart              |       |       |       |     1 |       ||     1
   Cast: Necrotise         |    68 |   140 |    65 |   127 |    51 ||   451
         Vampiric Draining |       |     7 |    78 |   181 |   245 ||   511
         Curse of Agony    |       |       |       |    10 |    88 ||    98
         Animate Dead      |       |       |       |    12 |     9 ||    21
         Dispel Undead     |       |       |       |       |    91 ||    91
         Borgnjor's Vile C |       |       |       |       |    32 ||    32
         Anguish           |       |       |       |       |     3 ||     3
  Evoke: Wand              |       |       |       |       |     5 ||     5
    Use: Scroll            |       |       |       |    14 |    11 ||    25
         Potion            |       |       |       |     3 |     8 ||    11
   Stab: Distracted        |     1 |       |       |     1 |     1 ||     3
         Paralysed         |       |     3 |    18 |    67 |   157 ||   245
         Sleeping          |       |     1 |       |     1 |     2 ||     4
 Armour: Robe              |    15 |    17 |    25 |       |       ||    57
         Steam dragon scal |       |       |    50 |   121 |    32 ||   203
         Ring mail         |       |       |       |       |   582 ||   582
  Dodge: Dodged            |    21 |    35 |   176 |   299 |   751 ||  1282
  Block: Other             |       |       |       |    48 |   141 ||   189
         Reflection        |       |       |       |       |    16 ||    16
         Kite shield       |       |       |       |       |   234 ||   234
